 Dungeon Crawl Stone Soup version 0.19.0 (webtiles) character file.

56266 Peloso the Carver (level 14, -6/127 HPs)
             Began as a Ghoul Fighter on Nov 1, 2016.
             Was a High Priest of Okawaru.
             Mangled by a sun demon (15 damage)
             ... on level 6 of the Lair of Beasts.
             The game lasted 01:05:15 (17002 turns).

Peloso the Carver (Ghoul Fighter)                  Turns: 17002, Time: 01:05:18

Health: -6/127     AC: 32    Str: 27    XL:     14   Next: 81%
Magic:  15/16      EV: 12    Int:  3    God:    Okawaru [*****.]
Gold:   1131       SH:  8    Dex: 12    Spells: 0 memorised, 13 levels left

rFire  . . .     SeeInvis .     b - +2 falchion (flame)
rCold  + . .     Gourm    .     r - +0 plate armour
rNeg   + + +     Faith    .     c - +0 buckler {AC+3}
rPois  ∞         Spirit   .     h - +0 helmet
rElec  .         Reflect  .     n - +2 cloak
rCorr  .         Harm     .     k - +1 pair of gloves {Str+3}
MR     ++...                    x - +2 pair of boots {Stlth+}
Stlth  ..........               L - amulet of regeneration
                                O - ring of protection from magic
                                u - +3 ring of strength

@: heroism, rotting
A: rotting body, claws 1, carnivore 3, cold resistance 1, negative energy
resistance 3, slow regeneration 1, torment resistance, unbreathing
a: Heroism, Finesse, Renounce Religion


You were on level 6 of the Lair of Beasts.
You worshipped Okawaru.
Okawaru was extremely pleased with you.
You were not hungry.

You visited 2 branches of the dungeon, and saw 18 of its levels.

You collected 1131 gold pieces.

Inventory:

Hand Weapons
 b - a +2 falchion of flaming (weapon)
 F - a +2 falchion of freezing
Armour
 c - a +0 buckler of protection (worn)
 h - a +0 helmet (worn)
 k - a +1 pair of gloves of strength (worn)
 n - a +2 cloak (worn)
 r - a +0 plate armour (worn)
 x - a +2 pair of boots of stealth (worn)
 H - the +0 hat of Leolup {rF- rN++ Int+4}
   (Okawaru gifted it to you on level 6 of the Lair of Beasts)

   It affects your intelligence (+4).
   It makes you vulnerable to fire.
   It greatly protects you from negative energy.
Jewellery
 u - a +3 ring of strength (left hand)
 w - an uncursed ring of see invisible
 L - an amulet of regeneration (around neck)
 O - a ring of protection from magic (right hand)
Wands
 a - a wand of disintegration (23/24)
 i - a wand of paralysis (13/24)
 o - a wand of teleportation (6/9)
 s - a wand of random effects (29/48)
Scrolls
 g - 3 scrolls of fear
 j - a scroll of recharging
 t - 4 scrolls of teleportation
 v - 7 scrolls of remove curse
 y - 2 scrolls of blinking
 z - 2 scrolls of identify
 B - 2 scrolls of enchant weapon
 G - a scroll of magic mapping {unknown}
 I - 2 scrolls of enchant armour
 M - a scroll of amnesia
Potions
 e - 2 potions of flight
 l - a potion of invisibility
 m - a potion of ambrosia
 q - 2 potions of brilliance
 D - a potion of might
 E - 3 potions of haste
 J - 2 potions of agility
 N - a potion of curing
 P - 3 potions of resistance {unknown}
 T - a potion of cancellation {unknown}
 V - 3 potions of mutation {unknown}
Comestibles
 d - 2 chunks of flesh
 f - 11 meat rations
 p - 4 beef jerkies
 A - 3 slices of pizza
 C - 2 royal jellies


   Skills:
 + Level 12.4(17.4) Fighting
 + Level 13.8(18.8) Long Blades
 + Level 11.2(16.2) Armour
 + Level 3.0(8.0) Dodging
 + Level 1.4(6.4) Stealth
 + Level 10.9(15.9) Shields
 + Level 4.4 Invocations


You had 13 spell levels left.
You didn't know any spells.

Dungeon Overview and Level Annotations

Branches:
Dungeon (12/15)            Temple (0/1) D:7            Lair (6/6) D:11
  Swamp (0/4) Lair:3        Snake (0/4) Lair:3        Slime (0/5) Lair:6
    Orc: D:9-12

Altars:
Ashenzari
Dithmenos
Gozag
Hepliaklqana
Kikubaaqudgha
Makhleb
Okawaru
Ru
Trog
Uskayaw
Vehumet
Xom
Zin
The Shining One
Jiyva

Shops:
D:6 :


Innate Abilities, Weirdness & Mutations

Your body is rotting away.
You thrive on raw meat.
You are immune to poison.
You have sharp fingernails.
You are carnivorous and can eat meat at any time.
Your flesh is cold resistant. (rC+)
You are immune to negative energy. (rN+++)
You regenerate slowly when monsters are visible.
You are immune to unholy pain and torment.
You can survive without breathing.


Message History

You block the sun demon's attack.
You hit the sun demon but do no damage.
The sun demon is severely wounded.
The orange demon barely misses you.
You closely miss the sun demon.
The sun demon is severely wounded.
You block the sun demon's attack. The orange demon stings you from afar!
Your plate armour prevents you from hitting the sun demon.
The sun demon is severely wounded.
The sun demon hits you!
* * * LOW HITPOINT WARNING * * *
You are engulfed in flames!
* * * LOW HITPOINT WARNING * * *
You hit the sun demon.
The sun demon is almost dead.
The orange demon stings you but does no damage.
The sun demon hits you!!
* * * LOW HITPOINT WARNING * * *
You are engulfed in flames!
You die...

♣♣♣..♣...♣♣♣ ♣♣♣..♣♣♣♣♣...♣♣
♣ ♣♣♣..♣♣♣ ♣♣...♣♣♣♣ ♣♣♣♣
♣...♣♣ ♣♣♣....♣♣♣... ♣....♣
♣♣♣.......♣ #####''######
♣♣♣.♣♣.♣♣
.............#########+♣♣♣♣♣
....8....8...#........#
............@3...8.8..#
##############4.8.8...#
.......#...8.8..#
.......#..8.8...#
444....'...8.8..#
3......#..8.8...#
§≈.....#........#
≈≈≈§############# ≈≈≈


You could see a sun demon and an orange demon.

Vanquished Creatures
  The ghost of Zeloya the Nimble, a journeyman KoHu of Okawaru (Lair:2)
  3 dire elephants
  Josephine (D:11)
  6 hydras
  2 catoblepae
  Erica (D:9)
  6 death yaks
  Urug (Lair:4)
  An unseen horror (D:11)
  A wizard (Lair:6)
  6 hill giants
  4 ugly things
  A cyclops (D:8)
  26 elephants
  6 black mambas
  2 orange demons (Lair:6)
  8 spiny frogs
  The ghost of Schimscham the Chopper, a novice FoFi (D:5)
  8 komodo dragons
  A rime drake (Lair:3)
  2 trolls
  2 tyrant leeches (Lair:3)
  The ghost of Schimscham the Shield-Bearer, an amateur FoFi (D:3)
  Prince Ribbit (D:7)
  14 blink frogs
  3 hippogriffs
  7 dream sheep
  Sigmund (D:3)
  2 spriggans
  5 wraiths (D:11)
  Eustachio (D:5)
  17 yaks
  5 basilisks (Lair:6)
  3 hungry ghosts
  8 nagas (Lair:3)
  A swamp worm (Lair:3)
  6 water moccasins
  Duvessa (D:5)
  9 porcupines
  An ice beast (D:6)
  4 sky beasts
  2 phantoms
  A black bear (D:7)
  A necrophage (D:8)
  11 wolves
  5 centaurs
  5 ogres
  9 crocodiles
  A big kobold (D:10)
  Blork the orc (D:6)
  10 bullfrogs
  Dowan (D:5)
  A scorpion (D:7)
  A water moccasin skeleton (D:10)
  7 wights
  An electric eel (Lair:3)
  2 centaur zombies
  5 bullfrog zombies
  4 crimson imps
  7 hounds
  2 jellies
  Crazy Yiuf (D:4)
  4 orc priests
  4 bullfrog skeletons
  5 orc wizards
  3 centaur skeletons
  Jessica (D:2)
  4 iguanas
  9 worker ants
  A hound skeleton (D:4)
  2 hound zombies (D:4)
  5 worker ant zombies
  Robin (D:1)
  8 adders
  8 gnolls
  2 howler monkey skeletons
  5 shadow imps
  2 oozes
  5 adder zombies
  An adder skeleton (D:7)
  A worm (D:3)
  A dart slug (D:3)
  7 leopard geckos
  33 orcs
  5 giant cockroaches
  13 goblins
  11 hobgoblins
  10 jackals
  7 quokkas
  A ball python (D:1)
  6 bats
  5 frilled lizards
  2 giant cockroach zombies (D:4)
  A jackal zombie (D:6)
  10 kobolds
  3 leopard gecko zombies (D:4)
  2 quokka skeletons (D:5)
  3 quokka zombies (D:4)
  7 rats
456 creatures vanquished.

Vanquished Creatures (others)
  58 fungi
  22 plants
  5 toadstools (D:1)
85 creatures vanquished.

Grand Total: 541 creatures vanquished

Notes
Turn   | Place    | Note
-------+----------+-------------------------------------------
     0 | D:1      | Peloso the Ghoul Fighter began the quest for the Orb.
     0 | D:1      | Reached XP level 1. HP: 19/19 MP: 0/0
   200 | D:1      | Reached XP level 2. HP: 25/25 MP: 1/1
   315 | D:1      | Reached skill level 2 in Long Blades
   517 | D:2      | Noticed Robin
   524 | D:1      | Killed Robin
   524 | D:1      | Reached XP level 3. HP: 29/32 MP: 2/2
   670 | D:2      | Found a sacrificial altar of Ru.
   757 | D:2      | Noticed Jessica
   765 | D:2      | Reached XP level 4. HP: 35/39 MP: 3/3
   766 | D:2      | Killed Jessica
   964 | D:2      | Found a burning altar of Makhleb.
   966 | D:2      | Found a radiant altar of Vehumet.
  1339 | D:3      | Reached XP level 5. HP: 45/46 MP: 4/4
  1363 | D:3      | Noticed Schimscham's ghost (amateur FoFi)
  1639 | D:4      | Reached skill level 3 in Long Blades
  1899 | D:4      | Reached XP level 6. HP: 38/53 MP: 5/5
  2120 | D:4      | Found a shimmering altar of Xom.
  2221 | D:4      | Reached skill level 4 in Long Blades
  2260 | D:4      | Reached skill level 1 in Dodging
  2350 | D:4      | Reached XP level 7. HP: 54/60 MP: 6/6
  2382 | D:4      | Reached skill level 5 in Fighting
  2521 | D:4      | Reached skill level 5 in Long Blades
  2596 | D:4      | Found a runed door.
  2734 | D:4      | Reached XP level 8. HP: 31/69 MP: 7/7
  3026 | D:4      | Found a faded altar of an unknown god.
  3026 | D:4      | Found a bloodstained altar of Trog.
  3031 | D:4      | Found a faded altar of an unknown god.
  3033 | D:4      | Found a faded altar of an unknown god.
  3035 | D:4      | Found a faded altar of an unknown god.
  3500 | D:3      | Noticed Sigmund
  3501 | D:3      | Found a glowing golden altar of the Shining One.
  3519 | D:3      | Killed Sigmund
  3679 | D:3      | Killed Schimscham's ghost
  3679 | D:3      | Reached skill level 6 in Long Blades
  3679 | D:3      | Reached skill level 5 in Shields
  3995 | D:4      | Noticed Crazy Yiuf
  4002 | D:4      | Killed Crazy Yiuf
  4041 | D:5      | Entered Level 5 of the Dungeon
  4169 | D:5      | Found an iron altar of Okawaru.
  4226 | D:5      | Became a worshipper of Warmaster Okawaru
  4258 | D:5      | Found a shattered altar of Ashenzari.
  4334 | D:5      | Noticed Eustachio
  4387 | D:5      | Noticed Schimscham's ghost (novice FoFi)
  4395 | D:5      | Killed Eustachio
  4403 | D:5      | Noticed a dagger
  4407 | D:5      | Noticed a hand axe
  4574 | D:5      | Killed Schimscham's ghost
  4574 | D:5      | Reached * piety under Okawaru
  4574 | D:5      | Reached skill level 7 in Long Blades
  4574 | D:5      | Reached XP level 9. HP: 41/75 MP: 8/8
  4631 | D:5      | Found a hide-covered altar of Uskayaw.
  4688 | D:5      | Noticed Dowan
  4689 | D:5      | Noticed Duvessa
  4712 | D:5      | Killed Duvessa
  4715 | D:5      | Killed Dowan
  4766 | D:5      | Found a shadowy altar of Dithmenos.
  5037 | D:6      | Noticed Blork the orc
  5047 | D:6      | Killed Blork the orc
  5081 | D:6      | Reached skill level 5 in Armour
  5104 | D:6      | Found a glowing silver altar of Zin.
  5105 | D:6      | Noticed an angel
  5132 | D:6      | Reached ** piety under Okawaru
  5329 | D:6      | Reached skill level 8 in Long Blades
  5347 | D:6      | Found Ikub's Book Emporium.
  5406 | D:6      | Found a shadowy altar of Dithmenos.
  5468 | D:6      | Found a hazy altar of Hepliaklqana.
  5468 | D:6      | Found an ancient bone altar of Kikubaaqudgha.
  5468 | D:6      | Found an opulent altar of Gozag.
  5648 | D:7      | Found a staircase to the Ecumenical Temple.
  5793 | D:7      | Noticed Prince Ribbit
  5824 | D:7      | Killed Prince Ribbit
  5824 | D:7      | Reached XP level 10. HP: 52/84 MP: 5/9
  5957 | D:7      | Reached *** piety under Okawaru
  5988 | D:7      | Reached skill level 9 in Long Blades
  6107 | D:7      | Received a gift from Okawaru
  6655 | D:8      | Noticed a cyclops
  6664 | D:8      | Killed a cyclops
  7037 | D:9      | Reached **** piety under Okawaru
  7055 | D:9      | Noticed Erica
  7091 | D:9      | Killed Erica
  7710 | D:10     | Entered Level 10 of the Dungeon
  7777 | D:10     | Reached skill level 10 in Long Blades
  7904 | D:10     | Reached XP level 11. HP: 92/92 MP: 10/10
  7957 | D:10     | Got an encrusted scythe
  7965 | D:10     | Identified the +11 scythe of the Philosopher {slice, *Contam rC++ Dex+4} (You found it on level 10 of the Dungeon)
  8477 | D:10     | Noticed a purple ugly thing
  8568 | D:9      | Killed a purple ugly thing
  8706 | D:10     | You fall through a shaft for 2 floors!
  8727 | D:12     | Noticed a hill giant
  8743 | D:12     | Killed a hill giant
  8808 | D:11     | Noticed a hill giant
  8826 | D:12     | Killed a hill giant
  8826 | D:12     | Reached ***** piety under Okawaru
  8826 | D:12     | Reached skill level 1 in Invocations
  8877 | D:11     | Noticed a hill giant
  8891 | D:11     | Killed a hill giant
  9011 | D:11     | Killed an unseen horror
  9045 | D:11     | Noticed a cyan ugly thing
  9068 | D:11     | Killed a cyan ugly thing
  9354 | D:11     | Noticed a hill giant
  9373 | D:11     | Killed a hill giant
  9424 | D:11     | Noticed a hill giant
  9433 | D:11     | Killed a hill giant
  9442 | D:11     | Noticed a brown ugly thing
  9477 | D:11     | Killed a brown ugly thing
  9579 | D:11     | Noticed a brown ugly thing
  9747 | D:11     | Killed a brown ugly thing
  9747 | D:11     | Reached skill level 11 in Long Blades
  9747 | D:11     | Reached skill level 1 in Stealth
  9834 | D:11     | Found a staircase to the Lair.
  9948 | D:11     | Received a gift from Okawaru
  9962 | D:11     | Got a crystal rapier {god gift}
  9963 | D:11     | Identified the +4 rapier of the Lair of Beasts {vamp, rPois Str+2 Int+2 Dex+3} (Okawaru gifted it to you on level 11 of the Dungeon)
  9993 | D:11     | Noticed Josephine
 10003 | D:11     | Killed Josephine
 10003 | D:11     | Reached XP level 12. HP: 104/104 MP: 9/12
 10327 | Lair:1   | Entered Level 1 of the Lair of Beasts
 11205 | Lair:2   | Noticed a catoblepas
 11205 | Lair:2   | Noticed Zeloya's ghost (journeyman KoHu)
 11265 | Lair:1   | Killed a catoblepas
 11386 | Lair:2   | Killed Zeloya's ghost
 11638 | Lair:2   | Noticed a seven-headed hydra
 11693 | Lair:1   | Killed a two-headed hydra
 11757 | Lair:1   | Reached skill level 10 in Fighting
 11835 | Lair:2   | Reached skill level 12 in Long Blades
 11874 | Lair:2   | Reached XP level 13. HP: 45/113 MP: 12/14
 12093 | Lair:2   | Received a gift from Okawaru
 12180 | Lair:2   | Noticed a dire elephant
 12248 | Lair:2   | Killed a dire elephant
 12513 | Lair:2   | Received a gift from Okawaru
 13121 | Lair:3   | Reached skill level 10 in Armour
 13202 | Lair:3   | Found a staircase to the Snake Pit.
 13230 | Lair:3   | Reached skill level 10 in Shields
 13431 | Lair:3   | Found a staircase to the Swamp.
 14190 | Lair:4   | Noticed Urug
 14215 | Lair:4   | Killed Urug
 14606 | Lair:4   | Reached XP level 14. HP: 114/124 MP: 16/16
 14676 | Lair:4   | Reached skill level 13 in Long Blades
 15113 | Lair:5   | Received a gift from Okawaru
 15473 | Lair:6   | Entered Level 6 of the Lair of Beasts
 15640 | Lair:6   | Found a viscous altar of Jiyva.
 15641 | Lair:6   | Found a staircase to the Slime Pits.
 15900 | Lair:6   | Got a jewelled whip
 16506 | Lair:6   | Noticed a dire elephant
 16546 | Lair:6   | Killed a dire elephant
 16586 | Lair:6   | Lost intelligence.
 16660 | Lair:6   | Received a gift from Okawaru
 16663 | Lair:6   | Got a scorched hat {god gift}
 16674 | Lair:6   | Identified the +0 hat of Leolup {rF- rN++ Int+4} (Okawaru gifted it to you on level 6 of the Lair of Beasts)
 16709 | Lair:6   | Noticed a dire elephant
 16746 | Lair:6   | Killed a dire elephant
 16815 | Lair:6   | Found a burning altar of Makhleb.
 17002 | Lair:6   | Mangled by a sun demon

Skill      XL: |  1  2  3  4  5  6  7  8  9 10 11 12 13 14 |
---------------+-------------------------------------------+-----
Long Blades    | 2 3 4 5 7 8 10 11 12 13 | 13.8
Shields        | 3 4 5 6 7 8 9 10 | 10.9
Fighting       | 4 5 6 7 9 10 11 12 | 12.4
Armour         | 3 4 5 6 8 9 10 11 | 11.2
Dodging        | 1 2 3 |  3.0
Invocations    | 1 2 4 |  4.4
Stealth        | 1 |  1.4

Action                   |  1- 3 |  4- 6 |  7- 9 | 10-12 | 13-15 || total
-------------------------+-------+-------+-------+-------+-------++-------
Melee: Long sword        |   114 |   217 |   289 |       |       ||   620
       Falchion          |       |       |   303 |  1129 |  1176 ||  2608
Invok: Heroism           |       |       |     2 |    35 |    39 ||    76
       Finesse           |       |       |       |     1 |     3 ||     4
  Use: Potion            |       |     1 |       |     1 |     2 ||     4
       Scroll            |       |       |     6 |     8 |    13 ||    27
  Eat: Chunk             |     4 |     5 |    15 |    49 |    97 ||   170
Armor: Scale mail        |    70 |     3 |       |       |       ||    73
       Plate armour      |       |   166 |   274 |   465 |   543 ||  1448
Dodge: Dodged            |    46 |    54 |    98 |   219 |   352 ||   769
Block: Shield            |    69 |   134 |   269 |   314 |       ||   786
       Buckler           |       |       |       |    86 |   282 ||   368
       Rpst.: Long sword |    15 |    21 |    18 |       |       ||    54
       Falchion          |       |       |     9 |    67 |    94 ||   170
